[Event "*** Biggest EVER Titled Tuesday"]
[Site "Chess.com"]
[Date "2018.04.17"]
[Round "1"]
[White "pKiLz5Rn9b"]
[Black "Rish_97"]
[Result "1-0"]
[WhiteElo "2619"]
[BlackElo "2290"]
[TimeControl "180+2"]
[EndTime "13:05:38 PDT"]
[Termination "pKiLz5Rn9b won by resignation"]

1. b3 d5 2. Bb2 Nf6 3. Nf3 g6 4. g3 Bg7 5. Bg2 O-O 6. c4 c5 7.
cxd5 Nxd5 8. Bxg7 Kxg7 9. O-O Nc6 10. d4 Ndb4 11. a3 Na6 12. d5 Ncb8 13. Nc3 Nd7 14. e4 b6 15. Qe2 Nc7 16. Rfd1 Bb7 17. e5 Qc8 18. Rac1 Rd8 19. Ng5 h6 20. Nh3 Nf8 21. Nf4 Ba6 22. Qb2 Kh7 23. d6 exd6 24. exd6 Nce6 25. Nxe6 Nxe6 26. Bxa8 Qxa8 27. Nd5 h5 28.
Qe5 Be2 29. Qxe2 1-0

[Event "*** Biggest EVER Titled Tuesday"]
[Site "Chess.com"]
[Date "2018.04.17"]
[Round "1"]
[White "NikolaGry"]
[Black "WinnerOleg"]
[Result "0-1"]
[WhiteElo "2620"]
[BlackElo "2326"]
[TimeControl "180+2"]
[EndTime "13:05:40 PDT"]
[Termination "WinnerOleg won on time"]

1. Nf3 Nf6 2. g3 g6 3. Bg2 Bg7 4. O-O O-O 5. c4 c5 6. Nc3 Nc6 7. b3 b6 8. Ne5 Bb7 9. Bb2 Qc7 10. f4 d6 11. Nxc6 Bxc6 12. e3 Bxg2 13. Kxg2 Qc6+ 14.
Qf3 Qxf3+ 15. Kxf3 e6 0-1

[Event "*** Biggest EVER Titled Tuesday"]
[Site "Chess.com"]
[Date "2018.04.17"]
[Round "1"]
[White "nekochabo"]
[Black "MattyDPerrine"]
[Result "0-1"]
[WhiteElo "2543"]
[BlackElo "2237"]
[TimeControl "180+2"]
[EndTime "13:05:42 PDT"]
[Termination "MattyDPerrine won on time"]

1. f4 g6 2. Nf3 Bg7 3. g3 b6 4.
Bg2 Bb7 5. O-O d6 6. d3 Nd7 7. e4 e5 8. f5 Ne7 9. Nh4 d5 10. Nc3 d4 11. Ne2 c5 12. a4 a6 13. c4 dxc3 14. Nxc3 Nc6 15. fxg6 hxg6 16. Qf3 Rf8 0-1

[Event "*** Biggest EVER Titled Tuesday"]
[Site "Chess.com"]
[Date "2018.04.17"]
[Round "1"]
[White "ZapataCharlesS"]
[Black "talento10"]
[Result "1-0"]
[WhiteElo "2662"]
[BlackElo "2345"]
[TimeControl "180+2"]
[EndTime "13:05:45 PDT"]
[Termination "ZapataCharlesS won by checkmate"]

1. e4 c5 2. Nf3 d6 3. Bb5+ Nd7 4.
O-O Nf6 5. Re1 a6 6. Bxd7+ Bxd7 7. d4 cxd4 8. Qxd4 e5 9. Qd3 h6 10. c4 Be7 11. Nc3 O-O 12. b3 Qc7 13. Ba3 Rfd8 14. Nxe5 Bc6 15. Nxc6 bxc6 16. Qg3 Qa5 17. Bb2 Re8 18.
Rad1 Bf8 19. f3 Rad8 20. Na4 Nd7 21. Rxd6 Nb6 22. Rxd8 Rxd8 23. Bc3 Bb4 24. Qxg7# 1-0

[Event "*** Biggest EVER Titled Tuesday"]
[Site "Chess.com"]
[Date "2018.04.17"]
[Round "1"]
[White "BjarkeSahl"]
[Black "DryCounty"]
[Result "1-0"]
[WhiteElo "2208"]
[BlackElo "2527"]
[TimeControl "180+2"]
[EndTime "13:05:45 PDT"]
[Termination "BjarkeSahl won by resignation"]

1. d4 Nf6 2. Bg5 Ne4 3. Bf4 c5 4. f3 Qa5+ 5. Nd2 Nxd2 6. Bxd2 Qc7 7. d5 e6 8. c4 Bd6 9. e3 Bxh2 10. f4 Bxg1 11.
Rxg1 exd5 12. cxd5 d6 13. Bc3 Bf5 14. g4 Bd7 15. g5 Na6 16. Bxg7 Rg8 17. Bf6 Qa5+ 18.
Qd2 Qxd2+ 19. Kxd2 Bf5 20. e4 Bd7 21. Bxa6 bxa6 22.
Rh1 Rb8 23. Rxh7 Rb4 24. Ke3 Ba4 25. b3 Bb5 26. Rah1 c4 27. Bc3 cxb3 28. Bxb4 bxa2 29. Bc3 1-0

[Event "*** Biggest EVER Titled Tuesday"]
[Site "Chess.com"]
[Date "2018.04.17"]
[Round "1"]
[White "BilodeauA"]
[Black "Vugar_Manafov"]
[Result "1-0"]
[WhiteElo "2620"]
[BlackElo "2295"]
[TimeControl "180+2"]
[EndTime "13:05:50 PDT"]
[Termination "BilodeauA won by resignation"]

1. e4 Nf6 2. e5 Nd5 3. d4 d6 4.
Nf3 h6 5. Be2 Bf5 6. O-O e6 7. c4 Nb6 8. Nc3 Nc6 9. exd6 cxd6 10. d5 exd5 11. cxd5 Ne5 12. Nd4 Bh7 13. Bb5+ Ned7 14.
Ne6 fxe6 15. dxe6 Be7 16. exd7+ Nxd7 17. Re1 O-O 18. Nd5 Bf6 19. Nxf6+ Nxf6 20. Be3 a6 21.
Bf1 Rc8 22. Rc1 Rxc1 23. Qxc1 Qa5 24. Bd4 Ne4 25. f3 Nc5 26. Bc4+ Kh8 27. Re7 1-0

[Event "*** Biggest EVER Titled Tuesday"]
[Site "Chess.com"]
[Date "2018.04.17"]
[Round "1"]
[White "nochewycandy"]
[Black "PulpanJ"]
[Result "0-1"]
[WhiteElo "2057"]
[BlackElo "2463"]
[TimeControl "180+2"]
[EndTime "13:05:55 PDT"]
[Termination "PulpanJ won by resignation"]

1. c4 e6 2. g3 d5 3. Bg2 Be7 4.
Nf3 Nf6 5. O-O O-O 6. b3 a5 7. cxd5 exd5 8. a3 Nbd7 9. Bb2 Nc5 10. d3 b6 11. Nbd2 Bb7 12. Nd4 Qd7 13. Rc1 Bd6 14. N2f3 Rfe8 15. b4 Na4 16. Ba1 axb4 17. axb4 Bxb4 18. Qb3 Bd6 19. Nb5 Nc5 20. Rxc5 Bxc5 21. Bxf6 gxf6 22. Nbd4 Qa4 23. Qb2 Qb4 24. Qxb4 Bxb4 25.
Rc1 c5 26. Nf5 Rxe2 27. h3 Raa2 28. d4 Rxf2 0-1

[Event "*** Biggest EVER Titled Tuesday"]
[Site "Chess.com"]
[Date "2018.04.17"]
[Round "1"]
[White "AnonymousBread"]
[Black "Sebastian"]
[Result "0-1"]
[WhiteElo "2405"]
[BlackElo "2792"]
[TimeControl "180+2"]
[EndTime "13:05:57 PDT"]
[Termination "Sebastian won by resignation"]

1. d4 Nf6 2. Bf4 e6 3. e3 d5 4.
Nc3 Bd6 5. Nf3 O-O 6. Bd3 Bxf4 7.
exf4 b6 8. Ne5 c5 9. dxc5 bxc5 10. Qf3 Qc7 11. Qh3 Nbd7 12. Nxd7 Bxd7 13. Qh4 Rab8 14. O-O Rxb2 15. Rae1 c4 16. Bxh7+ Nxh7 17. Re3 Qd8 18. Qh5 Qf6 19. Rh3 Qg6 20. Qf3 Rxc2 21. Ne2 Qe4 0-1

[Event "*** Biggest EVER Titled Tuesday"]
[Site "Chess.com"]
[Date "2018.04.17"]
[Round "1"]
[White "catalin009"]
[Black "Oleksandr_Bortnyk"]
[Result "0-1"]
[WhiteElo "2408"]
[BlackElo "2794"]
[TimeControl "180+2"]
[EndTime "13:06:01 PDT"]
[Termination "Oleksandr_Bortnyk won by resignation"]

1. e4 Nf6 2. e5 Nd5 3. d4 d6 4.
c4 Nb6 5. exd6 exd6 6. Nc3 Be7 7. Be3 O-O 8. Be2 Nc6 9. h3 Bf5 10. Nf3 d5 11. cxd5 Nxd5 12. O-O Ncb4 13. Rc1 Nxc3 14.
bxc3 Nxa2 15. Rc2 Qd5 16. Ne5 Qb3 17. Bd3 Bxd3 18. Nxd3 Nxc3 19. Qd2 Ne4 20. Qe2 Bd6 21. Rb2 Qd5 22. Rxb7 Qxb7 0-1

[Event "*** Biggest EVER Titled Tuesday"]
[Site "Chess.com"]
[Date "2018.04.17"]
[Round "1"]
[White "Blitzstream"]
[Black "sandager"]
[Result "1-0"]
[WhiteElo "2446"]
[BlackElo "1950"]
[TimeControl "180+2"]
[EndTime "13:06:04 PDT"]
[Termination "Blitzstream won by resignation"]

1. d4 Nf6 2. Bg5 Ne4 3. Bh4 c5 4. f3 Qa5+ 5. c3 Nf6 6. d5 d6 7.
e4 Nbd7 8. Nd2 g6 9. Nc4 Qc7 10.
a4 Bg7 11. Bd3 O-O 12. Ne2 Ne5 13. Nxe5 dxe5 14. O-O Bd7 15. c4 a6 16. Nc3 Rad8 17. Qb3 Bc8 18. Bf2 Ne8 19. a5 e6 20. Qa3 f5 21. Bxc5 Rf7 22. Bb6 Qd7 23. c5 Nc7 24. d6 Nb5 25. Nxb5 axb5 26. Bxd8 Qxd8 27. Bxb5 Bf8 28. Rad1 Bd7 29. Qa4 Bxb5 30. Qxb5 Rd7 31. b4 Bh6 32. Rd3 Bf4 33. g3 Bh6 34. Qc4 Rf7 35.
Qxe6 Kg7 36. Qxe5+ Kg8 37. d7 Bg7 38. Qe8+ Rf8 39.
Qxd8 Rxd8 40. b5 Kf7 41. c6 1-0

[Event "*** Biggest EVER Titled Tuesday"]
[Site "Chess.com"]
[Date "2018.04.17"]
[Round "1"]
[White "Zaven_ChessMood"]
[Black "bugsbunny444"]
[Result "1-0"]
[WhiteElo "2836"]
[BlackElo "2422"]
[TimeControl "180+2"]
[EndTime "13:06:06 PDT"]
[Termination "Zaven_ChessMood won by resignation"]

1. e4 e6 2. d3 d5 3. Nd2 c5 4.
Ngf3 Nc6 5. g3 g6 6. h4 h6 7.
Bg2 Bg7 8. O-O Nge7 9. Re1 O-O 10. e5 b6 11. Nf1 a5 12. N1h2 a4 13. Ng4 Nf5 14.
Bf4 Kh7 15. Qd2 a3 16. b3 Ra7 17. Rad1 Bb7 18. h5 d4 19. hxg6+ fxg6 20. Nxh6 Bxh6 21. Bxh6 Nxh6 22. Ng5+ Qxg5 23. Qxg5 Nb4 24. Bxb7 Rxb7 25. Kg2 Rf5 26. Qd8 Nxa2 27. Rh1 Rh5 28. Rxh5 gxh5 29. Ra1 Nb4 30. Rxa3 Nxc2 31. Ra8 Ne1+ 32. Kf1 Nxd3 33. Qh8+ Kg6 34. Qf6+ 1-0

[Event "*** Biggest EVER Titled Tuesday"]
[Site "Chess.com"]
[Date "2018.04.17"]
[Round "1"]
[White "FancyPlaySyndrome"]
[Black "GMVallejo"]
[Result "0-1"]
[WhiteElo "2399"]
[BlackElo "2763"]
[TimeControl "180+2"]
[EndTime "13:06:07 PDT"]
[Termination "GMVallejo won by resignation"]

1. e4 c5 2. Nf3 e6 3. g3 Nc6 4.
Bg2 Nf6 5. Nc3 d6 6. O-O Be7 7. Re1 O-O 8. a3 Bd7 9. Rb1 a6 10. b4 cxb4 11. axb4 b5 12. e5 dxe5 13. Nxe5 Rc8 14.
Nxd7 Qxd7 15. Na2 Rfd8 16. d3 Nd5 17. Bd2 Nb6 18. Nc1 Na4 19. h4 Bf6 20. Re4 Nd4 21.
c4 bxc4 22. dxc4 Rxc4 23. Nb3 Nxb3 24. Rxc4 Nxd2 25. Bc6 Qd3 0-1

[Event "*** Biggest EVER Titled Tuesday"]
[Site "Chess.com"]
[Date "2018.04.17"]
[Round "1"]
[White "hblanco"]
[Black "Parhamov"]
[Result "0-1"]
[WhiteElo "2399"]
[BlackElo "2786"]
[TimeControl "180+2"]
[EndTime "13:06:10 PDT"]
[Termination "Parhamov won by resignation"]

1. e4 g6 2. d4 Bg7 3. Nc3 d6 4. Nf3 Nf6 5. h3 O-O 6. Be3 a6 7. a4 Nc6 8. Be2 e5 9. dxe5 Nxe5 10. O-O Nc6 11. Nd2 Re8 12. f3 d5 13. Nb3 dxe4 14.
Qxd8 Rxd8 15. fxe4 Re8 16. Bd3 Nb4 17. Bg5 Nd7 18.
Nd5 Nxd5 19. exd5 Ne5 20. Bf6 b6 21. Rae1 Bd7 22. Nd4 Bxf6 23. Rxf6 Nxd3 24. Rxe8+ Bxe8 25. cxd3 Rd8 26. Nc6 Kg7 27. Rf3 Rxd5 28. Ne7 Re5 29.
Nc8 Bd7 30. Nxb6 0-1

[Event "*** Biggest EVER Titled Tuesday"]
[Site "Chess.com"]
[Date "2018.04.17"]
[Round "1"]
[White "oskariot"]
[Black "nihalsarin"]
[Result "0-1"]
[WhiteElo "2389"]
[BlackElo "2752"]
[TimeControl "180+2"]
[EndTime "13:06:16 PDT"]
[Termination "nihalsarin won by resignation"]

1. e4 e5 2. Nf3 Nc6 3. Nc3 Nf6 4. a3 d6 5. Bc4 Be7 6. d3 O-O 7. h3 a6 8. Be3 b5 9. Ba2 Bb7 10. g4 b4 11. Nd5 bxa3 12. bxa3 Nxd5 13. Bxd5 Na5 14.
Bxb7 Nxb7 15. c4 Qd7 16. O-O Nd8 17. d4 exd4 18. Nxd4 Bf6 19. Rb1 Re8 20. Nf5 Rxe4 21.
Qd5 Qc6 22. Qxc6 Nxc6 23. Rb7 Rc8 24. g5 Bd8 25. Rc1 Re5 26. Nh4 Bxg5 0-1

[Event "*** Biggest EVER Titled Tuesday"]
[Site "Chess.com"]
[Date "2018.04.17"]
[Round "1"]
[White "Sam_ChessMood"]
[Black "AbdAlAgathos"]
[Result "1-0"]
[WhiteElo "2635"]
[BlackElo "2307"]
[TimeControl "180+2"]
[EndTime "13:06:18 PDT"]
[Termination "Sam_ChessMood won by resignation"]

1. e4 e6 2. d4 d5 3. Nc3 Bb4 4. e5 c5 5. a3 Bxc3+ 6. bxc3 Ne7 7. Qg4 cxd4 8. Bd3 Qc7 9. Ne2 dxc3 10. Qxg7 Rg8 11.
Qxh7 Qxe5 12. Bf4 Qf6 13. h4 Nbc6 14. Bg5 Qe5 15. f4 Qe3 16. f5 Qe5 17. f6 Rxg5 18.
hxg5 Nf5 19. Qg8+ Kd7 20. Qxf7+ Kd6 21. Qf8+ Kc7 22. Rh7+ Kb6 23. Rb1+ Ka5 24. Qc5+ Ka4 25. Bb5+ 1-0

[Event "*** Biggest EVER Titled Tuesday"]
[Site "Chess.com"]
[Date "2018.04.17"]
[Round "1"]
[White "JosephRyan"]
[Black "Abund"]
[Result "0-1"]
[WhiteElo "2092"]
[BlackElo "2477"]
[TimeControl "180+2"]
[EndTime "13:06:25 PDT"]
[Termination "Abund won by checkmate"]

1. e4 c6 2. Nc3 d5 3. Nf3 Nf6 4.
e5 Ne4 5. Ne2 Qb6 6. d4 e6 7.
Ng3 c5 8. Bd3 cxd4 9. Nxe4 dxe4 10. Bxe4 Bc5 11. O-O h6 12. Bf4 Bd7 13. a3 Bc6 14.
Qe2 a5 15. b4 axb4 16. axb4 Rxa1 17. Rxa1 Bxb4 18. Ra8 O-O 19. h4 Nd7 20. Rxf8+ Bxf8 21. Nh2 Nc5 22. Bxc6 Qxc6 23. Qh5 Qe4 24. Qg4 h5 25.
Qg5 Qxc2 26. Qxh5 Qb1+ 27. Nf1 b5 28. g3 b4 29. Kg2 Qe4+ 30. Kh2 Nd3 31. Nd2 Nxf4 32.
Qg4 Qg2# 0-1

[Event "*** Biggest EVER Titled Tuesday"]
[Site "Chess.com"]
[Date "2018.04.17"]
[Round "1"]
[White "DrRiebert"]
[Black "DishonorOnYourCow"]
[Result "1-0"]
[WhiteElo "2655"]
[BlackElo "2321"]
[TimeControl "180+2"]
[EndTime "13:06:33 PDT"]
[Termination "DrRiebert won by resignation"]

1. e4 c5 2. Nf3 d6 3. d4 cxd4 4. Nxd4 Nf6 5. Nc3 a6 6. Nb3 g6 7. Bf4 Nc6 8. Qd2 Bg7 9. O-O-O b5 10. f3 O-O 11. h4 b4 12. Nd5 Nxd5 13. exd5 Na5 14.
Bh6 Nxb3+ 15. axb3 Qc7 16. h5 Bf5 17. Bxg7 Kxg7 18.
g4 Bxc2 19. Qxc2 Qa5 20. Kb1 Rac8 21. Bc4 Qc5 22. Qd2 Rh8 23. Qd4+ Qxd4 24. Rxd4 f6 25. Bxa6 Ra8 26. Bc4 Ra5 27. Kc2 Ra2 28. hxg6 hxg6 29. Rxh8 Kxh8 30. Re4 Ra7 31. Bb5 Rc7+ 32. Rc4 Rb7 33.
Rxb4 Kg7 34. Kc3 f5 35. gxf5 gxf5 36. Bc6 Ra7 37. Ra4 Rc7 38. b4 Kf6 39. b5 Rc8 40. b6 1-0

[Event "*** Biggest EVER Titled Tuesday"]
[Site "Chess.com"]
[Date "2018.04.17"]
[Round "1"]
[White "Journey_to_GrandMaster_YT"]
[Black "SantoBlue"]
[Result "1-0"]
[WhiteElo "2371"]
[BlackElo "2661"]
[TimeControl "180+2"]
[EndTime "13:06:34 PDT"]
[Termination "Journey_to_GrandMaster_YT won by resignation"]

1. d4 Nf6 2. Nf3 e6 3. c4 b6 4. Nc3 Bb7 5. e3 Bb4 6. Bd3 c5 7. O-O Bxc3 8. bxc3 Nc6 9. Ba3 d6 10. e4 e5 11. d5 Na5 12. Nd2 Qd7 13. f4 Qe7 14. Qf3 Nd7 15. f5 Ba6 16. Qe2 Kd8 17.
Nb3 Kc7 18. Nxa5 bxa5 19. Rab1 f6 20. Bc1 Nb6 21. Be3 Qd7 22. Rb2 Rab8 23. Rfb1 Qa4 24.
Qh5 Nxc4 25. Qf7+ Qd7 26. Qxd7+ Kxd7 27. Rxb8 Rxb8 28. Rxb8 Kc7 29. Bxc4 Bxc4 30. Rg8 Bxa2 31. Rxg7+ Kb6 32. Rxh7 Bb1 33. Rh6 a4 34. Bc1 Bxe4 35.
Rxf6 Kc7 36. h4 Bxd5 37. h5 1-0

[Event "*** Biggest EVER Titled Tuesday"]
[Site "Chess.com"]
[Date "2018.04.17"]
[Round "1"]
[White "Flawless2018"]
[Black "stalyansky"]
[Result "1/2-1/2"]
[WhiteElo "2490"]
[BlackElo "2126"]
[TimeControl "180+2"]
[EndTime "13:06:36 PDT"]
[Termination "Game drawn by repetition"]

1. e4 e5 2. Nf3 Nc6 3. Bc4 Bc5 4. c3 Nf6 5. d4 exd4 6. cxd4 Bb4+ 7. Bd2 Bxd2+ 8.
Nbxd2 d5 9. exd5 Nxd5 10. Qb3 Nce7 11. O-O O-O 12. Rfe1 c6 13. Ne4 Nb6 14. Bd3 Be6 15. Qa3 h6 16. Nc5 Ned5 17. Nxb7 Qf6 18. Ne5 Nf4 19.
Bb1 Bd5 20. f3 Qg5 21. g4 Nh3+ 22. Kg2 Nf4+ 23. Kg3 Rfe8 24. h4 Nh5+ 25. Kh3 Nf4+ 26. Kg3 Nh5+ 27. Kh3 Nf4+ 28. Kg3 1/2-1/2

[Event "*** Biggest EVER Titled Tuesday"]
[Site "Chess.com"]
[Date "2018.04.17"]
[Round "1"]
[White "walkingcreep"]
[Black "aa175"]
[Result "1/2-1/2"]
[WhiteElo "2438"]
[BlackElo "1871"]
[TimeControl "180+2"]
[EndTime "13:06:36 PDT"]
[Termination "Game drawn by repetition"]

1. e4 e5 2. Nf3 Nc6 3. Bc4 Nf6 4. d3 Bc5 5. O-O d6 6. Bg5 Bg4 7. Nbd2 h6 8. Bh4 Nd4 9. c3 Nxf3+ 10. Nxf3 g5 11.
Bg3 h5 12. h3 h4 13. Bh2 Bh5 14. Re1 g4 15. hxg4 Nxg4 16. d4 Nxh2 17. Kxh2 exd4 18.
cxd4 Bb6 19. e5 d5 20. Be2 Bg4 21. Ng1 Bxe2 22. Qxe2 Qd7 23. Rad1 O-O-O 24. Nh3 Rdg8 25. e6 Qd6+ 26. Qe5 Qxe5+ 27. Rxe5 fxe6 28. Rxe6 Rg4 29. f4 Rhg8 30. Re2 c6 31. Kh1 Bc7 32. Rf1 Bb6 33. Rd1 Bc7 34. Rf1 Bb6 35. Rd1 1/2-1/2

[Event "*** Biggest EVER Titled Tuesday"]
[Site "Chess.com"]
[Date "2018.04.17"]
[Round "1"]
[White "DrStephenStrange"]
[Black "lupta_robin"]
[Result "0-1"]
[WhiteElo "1943"]
[BlackElo "2453"]
[TimeControl "180+2"]
[EndTime "13:06:41 PDT"]
[Termination "lupta_robin won on time"]

1. Nf3 Nf6 2. c4 g6 3. Nc3 Bg7 4. e4 d6 5. d4 O-O 6. h3 e5 7. d5 a5 8. Be2 Na6 9. Nd2 Nd7 10.
g4 Ndc5 11. a3 Bd7 12. b3 f5 13. gxf5 gxf5 14. Qc2 Kh8 15. h4 Qf6 16. Bb2 Bh6 17.
Nf3 fxe4 18. Ng5 Qxf2+ 19. Kd1 Bf5 20. Bh5 Qd4+ 0-1

[Event "*** Biggest EVER Titled Tuesday"]
[Site "Chess.com"]
[Date "2018.04.17"]
[Round "1"]
[White "stregachess"]
[Black "djogrodek1"]
[Result "1-0"]
[WhiteElo "2081"]
[BlackElo "2439"]
[TimeControl "180+2"]
[EndTime "13:06:42 PDT"]
[Termination "stregachess won by checkmate"]

1. d4 Nf6 2. Bf4 d5 3. e3 c5 4. c3 Nc6 5. Nf3 Qb6 6. Qb3 c4 7. Qc2 Bf5 8. Qc1 e6 9. Be2 Be7 10. h3 h6 11. O-O O-O 12. Nbd2 Rfc8 13. Re1 Qd8 14. Qd1 b5 15. Ne5 a5 16. a3 Qb6 17.
Nxc6 Rxc6 18. Bf3 Ne4 19. Bxe4 Bxe4 20. Nxe4 dxe4 21. Qg4 f5 22. Qg3 Kh7 23. Be5 g6 24. f3 exf3 25. gxf3 Qd8 26. Re2 Bh4 27. Qh2 b4 28. axb4 axb4 29. Rf1 bxc3 30. bxc3 Rca6 31. Kh1 Ra1 32. Rg1 Qa5 33. d5 Qxd5 34. e4 Qd3 35.
Bd4 Qxf3+ 36. Rg2 R8a2 37. Qc7+ Kg8 38. Qg7# 1-0

[Event "*** Biggest EVER Titled Tuesday"]
[Site "Chess.com"]
[Date "2018.04.17"]
[Round "1"]
[White "carokantor"]
[Black "Ravan_02"]
[Result "0-1"]
[WhiteElo "1811"]
[BlackElo "2441"]
[TimeControl "180+2"]
[EndTime "13:06:42 PDT"]
[Termination "Ravan_02 won by resignation"]

1. e4 g6 2. d4 Bg7 3. Nf3 d6 4. c4 Nf6 5. Nc3 O-O 6. Bd3 Nc6 7. Be3 e5 8. d5 Ne7 9. O-O h6 10. Qd2 Ng4 11. h3 Nxe3 12. Qxe3 f5 13. exf5 gxf5 14. Bc2 Ng6 15. Nd2 Qh4 16. Rfe1 e4 17. Qg3 Qxg3 18. fxg3 Bd4+ 19. Kh2 h5 20. Ne2 Bf2 21. Rf1 Be3 22. Nb3 c5 23. Nf4 Nxf4 24. gxf4 Bd4 25. Bd1 h4 26.
Rb1 Bd7 27. Nd2 Kh7 28. b3 b5 29. Re1 b4 30. Nf1 a5 31. Ne3 a4 32. Bh5 axb3 33.
axb3 Ra2 34. Re2 Rxe2 35. Bxe2 Bxe3 36. Ra1 Bxf4+ 37. Kg1 Kg6 38. Ra6 Be5 39. Ra7 Rf7 40.
Kf2 f4 41. Ra6 f3 42. gxf3 exf3 43. Bxf3 Bxh3 44. Ke3 Kg5 45. Ke4 Bf5+ 0-1

[Event "*** Biggest EVER Titled Tuesday"]
[Site "Chess.com"]
[Date "2018.04.17"]
[Round "1"]
[White "Msb2"]
[Black "underdogchss"]
[Result "1-0"]
[WhiteElo "2723"]
[BlackElo "2382"]
[TimeControl "180+2"]
[EndTime "13:06:44 PDT"]
[Termination "Msb2 won by resignation"]

1. d4 Nf6 2. c4 e6 3. g3 d5 4.
Bg2 Bb4+ 5. Bd2 Be7 6. Nf3 O-O 7.
O-O c6 8. Qc2 Nbd7 9. Rd1 b6 10.
b3 Bb7 11. Nc3 c5 12. cxd5 exd5 13. Rac1 Re8 14. Qf5 cxd4 15. Nxd4 Nc5 16. Bf4 a6 17. h3 b5 18. b4 g6 19. Qb1 Ncd7 20. Nb3 Bxb4 21.
Nxd5 Nxd5 22. Bxd5 Bxd5 23. Rxd5 Qe7 24. Rc7 Rad8 25.
Qd1 Qxe2 26. Qxe2 Rxe2 27. Rdxd7 Rxd7 28. Rxd7 Rxa2 29. Bh6 f5 30. Nd4 Bc5 31. Rg7+ Kh8 32.
Rc7 1-0

[Event "*** Biggest EVER Titled Tuesday"]
[Site "Chess.com"]
[Date "2018.04.17"]
[Round "1"]
[White "chesssharkattack"]
[Black "Zhuu96"]
[Result "0-1"]
[WhiteElo "2378"]
[BlackElo "2721"]
[TimeControl "180+2"]
[EndTime "13:06:44 PDT"]
[Termination "Zhuu96 won by resignation"]

1. e4 c5 2. Nf3 e6 3. c4 b6 4. Nc3 Bb7 5. d4 cxd4 6. Nxd4 a6 7. Be2 Nf6 8. Bf3 Qc7 9. Qe2 Bc5 10.
Be3 O-O 11. O-O Nc6 12. Nxc6 Bxc6 13. Bxc5 bxc5 14. Rad1 d6 15. Rfe1 Rfd8 16. Rd2 Rab8 17. Red1 a5 18. g4 a4 19. g5 Ne8 20. e5 Bxf3 21.
Qxf3 dxe5 22. Rxd8 Rxd8 23. Rxd8 Qxd8 24. Nxa4 Qxg5+ 25. Qg3 Qc1+ 26. Kg2 Qxc4 27. b3 Qd5+ 28. Qf3 e4 29. Qe3 h6 30. Nc3 Qa8 31. Qxe4 Qd8 32. Qe3 Qa5 33. Na4 c4 34. Qc5 Qa8+ 35. f3 cxb3 36.
axb3 Nf6 37. Kf2 Qb8 38. b4 Qxh2+ 39. Ke3 Nd5+ 40. Kd3 Qf4 41. Qd4 Nxb4+ 0-1

[Event "*** Biggest EVER Titled Tuesday"]
[Site "Chess.com"]
[Date "2018.04.17"]
[Round "1"]
[White "rasmussvane"]
[Black "WarlordX"]
[Result "1-0"]
[WhiteElo "2610"]
[BlackElo "2275"]
[TimeControl "180+2"]
[EndTime "13:06:46 PDT"]
[Termination "rasmussvane won by resignation"]

1. Nf3 d5 2. d4 Nf6 3. c4 c6 4. Nbd2 Bf5 5. Nh4 Bc8 6. e3 Nbd7 7. Nhf3 Nb6 8. b3 Bf5 9. Nh4 Bg4 10. Qc2 e6 11. h3 Bh5 12. g4 Bg6 13. Nxg6 hxg6 14. Bg2 Rc8 15. c5 Nbd7 16. g5 Ng8 17. f4 Ne7 18. b4 Nf5 19. Nf3 a5 20. a3 Be7 21.
Kf2 b6 22. Bd2 axb4 23. axb4 O-O 24. h4 f6 25. Bh3 Qc7 26. Rhg1 Ra8 27. Rxa8 Rxa8 28.
h5 fxg5 29. hxg6 gxf4 30. Bxf5 fxe3+ 31. Bxe3 exf5 32. Qxf5 Rf8 33. Qe6+ 1-0

[Event "*** Biggest EVER Titled Tuesday"]
[Site "Chess.com"]
[Date "2018.04.17"]
[Round "1"]
[White "gmtalentoso"]
[Black "Fablibi"]
[Result "1/2-1/2"]
[WhiteElo "2161"]
[BlackElo "2511"]
[TimeControl "180+2"]
[EndTime "13:06:49 PDT"]
[Termination "Game drawn by repetition"]

1. e4 d6 2. d4 Nf6 3. Nc3 g6 4. Bg5 Bg7 5. Qd2 h6 6. Bh4 c6 7.
f4 b5 8. Bd3 Qb6 9. Nf3 Bg4 10.
Ne2 Bxf3 11. gxf3 Nbd7 12. e5 Nd5 13. e6 fxe6 14. Bxg6+ Kd8 15. O-O-O Rf8 16. f5 exf5 17.
Nf4 Nxf4 18. Qxf4 Bf6 19. Qxh6 Kc7 20. Bxf6 Rxf6 21. h4 Rg8 22. h5 Nf8 23. Rhg1 c5 24. Qe3 Re6 25. Qf4 Nxg6 26. hxg6 Rgxg6 27. Rxg6 Rxg6 28. Qxf5 Rg7 29. Qf8 Rh7 30. Qg8 Rh4 31.
Qg5 Rxd4 32. Qxe7+ Kc6 33. Qe8+ Kc7 34. Qe7+ Kc6 35.
Qe8+ Kc7 36. Qe7+ 1/2-1/2

[Event "*** Biggest EVER Titled Tuesday"]
[Site "Chess.com"]
[Date "2018.04.17"]
[Round "1"]
[White "Sanan_Sjugirov"]
[Black "PchelkinVK"]
[Result "1-0"]
[WhiteElo "2813"]
[BlackElo "2418"]
[TimeControl "180+2"]
[EndTime "13:06:55 PDT"]
[Termination "Sanan_Sjugirov won by resignation"]

1. e4 e6 2. d4 d5 3. Nd2 c5 4. exd5 Qxd5 5. Ngf3 cxd4 6. Bc4 Qd6 7. O-O Nf6 8. Nb3 Nc6 9. Nbxd4 Nxd4 10. Nxd4 Bd7 11. c3 Qc7 12. Qe2 O-O-O 13. a4 h5 14. Nb5 Bxb5 15.
axb5 Bc5 16. g3 Ng4 17. Kg2 Kb8 18. h3 Ne5 19. Bf4 Bd6 20. Bb3 Nd7 21. Be3 Bc5 22.
Rfd1 Qe5 23. Bf4 1-0

[Event "*** Biggest EVER Titled Tuesday"]
[Site "Chess.com"]
[Date "2018.04.17"]
[Round "1"]
[White "dretch"]
[Black "2Tilted"]
[Result "1-0"]
[WhiteElo "2607"]
[BlackElo "2268"]
[TimeControl "180+2"]
[EndTime "13:06:58 PDT"]
[Termination "dretch won by resignation"]

1. d4 Nf6 2. c4 c5 3. d5 b5 4. cxb5 a6 5. bxa6 g6 6. Nc3 Bg7 7. e4 O-O 8. Nf3 Qa5 9. Nd2 Bxa6 10. Be2 d6 11. O-O Bxe2 12. Qxe2 Qa6 13. Nc4 Nbd7 14.
Bg5 Rfb8 15. b3 h6 16. Bd2 Nb6 17. a4 Nfd7 18. Rab1 Nxc4 19. bxc4 Nb6 20. Nb5 Qxa4 21. Rfc1 Nxc4 22. Qxc4 Qxc4 23. Rxc4 Rb7 24. Na3 Rba7 25. Nc2 Ra2 26. Kf1 f5 27. exf5 gxf5 28. Ke2 Kf7 29. Kd1 R8a7 30. Ne3 e6 31. Rc2 R2a4 32. dxe6+ Kxe6 33. Rb6 Be5 34. Nc4 Ra1+ 35. Ke2 R7a4 36. Nxe5 Kxe5 37.
Bc3+ Kd5 38. Bxa1 Rxa1 39. Rd2+ 1-0

[Event "*** Biggest EVER Titled Tuesday"]
[Site "Chess.com"]
[Date "2018.04.17"]
[Round "1"]
[White "Indianlad"]
[Black "IMRosen"]
[Result "1/2-1/2"]
[WhiteElo "2696"]
[BlackElo "2378"]
[TimeControl "180+2"]
[EndTime "13:06:59 PDT"]
[Termination "Game drawn by agreement"]

1. e4 c5 2. Nf3 e6 3. d4 cxd4 4.
Nxd4 Nc6 5. Nc3 Qc7 6. Be3 Nf6 7. a3 a6 8. f4 d6 9. Qf3 Be7 10. O-O-O O-O 11. g4 Nxd4 12. Rxd4 e5 13. Rc4 Bxg4 14.
Qg3 Qa5 15. Rg1 g6 16. f5 Rfc8 17. Bg5 Bh5 18. Qh4 Rxc4 19. Bxc4 Qc5 20. Re1 Qxc4 21. Bxf6 Bf8 22. Qxh5 gxh5 23. Rg1+ Bg7 24. Rxg7+ Kf8 25. Rxh7 Qf1+ 26. Nd1 Qf4+ 27. Kb1 Ke8 28. Rh8+ Kd7 29. Rxa8 Qf1 30. Kc1 Qf4+ 31. Kb1 Qf1 32. Rd8+ Kc7 33. Kc1 Qf4+ 34. Kb1 Qf1 35. Kc1 1/2-1/2